 Dungeon Crawl Stone Soup version 0.24.0-10-g970556be89 (webtiles) character file.

Game seed: 16350934111651188625, levelgen mode: deterministic

109 zkyp the Chopper (level 4, -14/38 HPs)
             Began as a Centaur Chaos Knight on Nov 4, 2019.
             Was a Plaything of Xom.
             Demolished by Purgy the ettin (glowing shapeshifter) (41 damage)
             ... on level 3 of the Dungeon.
             The game lasted 00:03:07 (2799 turns).

zkyp the Chopper (Centaur Chaos Knight)             Turns: 2799, Time: 00:03:08

Health: -14/38     AC:  6    Str: 14 (16) XL:     4   Next: 59%
Magic:  4/4        EV:  8    Int: 15      God:    Xom [.*....]
Gold:   116        SH:  4    Dex: 12      Spells: 3/3 levels left

rFire    . . .     SeeInvis .   a - +0 hand axe (chaos)
rCold    + . .     Gourm    .   (no shield)
rNeg     . . .     Faith    +   b - +2 leather armour
rPois    .         Spirit   .   (no helmet)
rElec    .         Reflect  .   (no cloak)
rCorr    .         Harm     .   (no gloves)
MR       .....                  (no barding)
Stlth    +.........             q - amulet "Hovypn" {Faith rC+ Int+4 Dex+2}
HPRegen  0.12/turn              (no ring)
MPRegen  0.09/turn              (no ring)

@: drained, very quick
A: large, hooves 3, large bone plates 1, agile 1, deformed body, speed 2, tough
skin 3
a: Renounce Religion


You were on level 3 of the Dungeon.
You worshipped Xom.
You were a plaything of Xom.
You were not hungry.

You visited 1 branch of the dungeon, and saw 3 of its levels.

You collected 116 gold pieces.

Inventory:

Hand Weapons
 a - a +0 hand axe of chaos (weapon)
Missiles
 o - 2 boomerangs (quivered)
Armour
 b - a +2 leather armour (worn)
Jewellery
 g - an uncursed amulet of the acrobat
 j - an uncursed ring of ice
 q - the amulet "Hovypn" (around neck) {Faith rC+ Int+4 Dex+2}
   (Xom gifted it to you on level 2 of the Dungeon)

   [amulet of faith]

   It allows you to gain divine favour quickly.
   It affects your intelligence (+4).
   It affects your dexterity (+2).
   It protects you from cold.
Scrolls
 d - a scroll of enchant armour {unknown}
 h - a scroll of identify {unknown}
 i - 2 scrolls of teleportation {unknown}
 k - a scroll of amnesia {unknown}
 m - 4 scrolls of remove curse {unknown}
Potions
 e - a potion of heal wounds {unknown}
 f - a potion of haste {unknown}
 n - a potion of curing {unknown}
Comestibles
 c - 5 rations


   Skills:
 - Level 3.0(1.9) Fighting
 + Level 4.9(3.8) Axes
 - Level 1.3(0.3) Armour
 - Level 0.6(0.0) Dodging


You had 3 spell levels left.
You didn't know any spells.
Your spell library was empty.

Dungeon Overview and Level Annotations

Branches:
Dungeon (3/15)

Altars:
Sif Muna
Xom

Annotations:
D:3 2 transporters, Purgy; skk's ghost, amateur GrFi


Innate Abilities, Weirdness & Mutations

You have hooves in place of feet.
Armour fits poorly on your strangely shaped body.
You cover ground very quickly.
You have extremely tough skin. (AC +3)
You are partially covered in large bone plates. (SH +4)
You are agile. (Dex +2)


Message History

You swap places.
Purgy the entropy weaver changes into an alligator!
Your hound bites Purgy but does no damage.
Your hound bites Purgy.
Your hound barely misses Purgy.
Purgy bites your hound! Purgy barely misses your hound.
Your hound barely misses Purgy.
Purgy puts on a burst of speed!
Your hound bites Purgy.
Purgy bites your hound!!
Your hound dies!
Your hound's corpse disappears in a puff of smoke!
Purgy the alligator changes into a great orb of eyes!
You see here a long sword.
Purgy the great orb of eyes changes into an ettin!
You barely miss Purgy. You kick Purgy.
Purgy is lightly wounded. "You have displeased me, mortal."
You feel weakened. Purgy hits you! Purgy hits you!!!
Ouch! That really hurt!
You die...
Xom howls with laughter!

#.......)...#####.# ._.#
###...........# #.# ..#
..............# #.# ..#
###...........# #.# #.#
#...........# #.# #.#
#...........# #.# ####.##.
#...........# #.# #.O.O...
###################.# #.##.#..
..............b.@C..######.##.#..
###############.....b....C....#..
###...bb........###.# ######
#...........©.©...... #....#
#.##################. #....###
#.# ##WO...[$...©#. #......# #.#
#.#..#.#..#.# #......# #.#
#..##...##..# #......# #.#
#..##...# ..#


You could see Purgy the ettin shaped shifter, an ogre and skk's ghost.

Vanquished Creatures
  3 gnolls
  2 adders
  An ooze (D:1)
  2 dart slugs (D:1)
  2 leopard geckos
  An orc (D:3)
  4 bats
  7 giant cockroaches
  2 hobgoblins
  2 kobolds
  2 quokkas (D:2)
  6 frilled lizards
  8 goblins
  3 rats (D:1)
45 creatures vanquished.

Vanquished Creatures (collateral kills)
  A gnoll (D:3)
1 creature vanquished.

Grand Total: 46 creatures vanquished

Notes
Turn   | Place    | Note
-------+----------+-------------------------------------------
     0 | D:1      | zkyp the Centaur Chaos Knight began the quest for the Orb.
     0 | D:1      | Reached XP level 1. HP: 19/19 MP: 1/1
     6 | D:1      | XOM: harmless Ice miscast
    17 | D:1      | Reached skill level 3 in Axes
   144 | D:1      | Reached XP level 2. HP: 22/26 MP: 2/2
   450 | D:1      | Reached XP level 3. HP: 31/31 MP: 3/3
   650 | D:2      | Reached skill level 4 in Axes
  1192 | D:2      | Found a shimmering blue altar of Sif Muna.
  1266 | D:2      | XOM: give mutations
  1266 | D:2      | Gained mutation: You are partially covered in large bone
                  | plates. (SH +4) [Xom's grace]
  1266 | D:2      | Gained mutation: You are agile. (Dex +2) [Xom's grace]
  1318 | D:2      | XOM: scenery: create altars
  1391 | D:2      | XOM: god gift: heavily runed pewter amulet {god gift}
  1394 | D:2      | Got a heavily runed pewter amulet {god gift}
  1396 | D:2      | Identified the amulet "Hovypn" {Faith rC+ Int+4 Dex+2} (Xom
                  | gifted it to you on level 2 of the Dungeon)
  1478 | D:2      | XOM: divination: detect creatures
  1486 | D:2      | XOM is BORED!
  1486 | D:2      | XOM: stat loss: -3 Str (12/15)
  1538 | D:3      | XOM: polymorph gnoll -> orc
  1551 | D:3      | Reached XP level 4. HP: 20/38 MP: 4/4
  1565 | D:3      | XOM: enchant monster (good)
  1601 | D:3      | XOM: god gift: scroll labeled ZOMABB TULE {god gift}
  1710 | D:2      | XOM: harmless Fire miscast
  1919 | D:3      | XOM: medium Summ miscast
  1920 | D:3      | Noticed a small abomination
  1920 | D:3      | Noticed a small abomination
  1920 | D:3      | Noticed a small abomination
  2016 | D:2      | XOM: god gift: 14 arrows
  2475 | D:3      | XOM: harmless Tmut miscast
  2506 | D:3      | XOM: draining
  2634 | D:3      | XOM: harmless Ice miscast
  2745 | D:3      | Noticed skk's ghost (amateur GrFi)
  2746 | D:3      | Found a transporter.
  2747 | D:3      | Identified the +5 great mace "Xisev" {venom, Dex+7}
  2747 | D:3      | Noticed an ogre
  2750 | D:3      | Found a transporter.
  2759 | D:3      | Noticed Purgy
  2764 | D:3      | Noticed Purgy
  2764 | D:3      | Purgy changed into Purgy the glowing shapeshifter
  2764 | D:3      | XOM: polymorph Purgy -> Purgy the glowing shapeshifter
  2764 | D:3      | Noticed Purgy
  2764 | D:3      | Purgy the glowing shapeshifter changed into Purgy the shock
                  | serpent
  2764 | D:3      | Noticed Purgy
  2764 | D:3      | Purgy the shock serpent changed into Purgy the two-headed
                  | ogre
  2765 | D:3      | XOM: scenery: create altars
  2775 | D:3      | Noticed Purgy
  2776 | D:3      | XOM: divination: detect items
  2777 | D:3      | Noticed Purgy
  2777 | D:3      | Purgy the ice dragon changed into Purgy the ettin
  2785 | D:3      | Noticed Purgy
  2787 | D:3      | XOM: cast spell 'Call Canine Familiar'
  2790 | D:3      | XOM: cast spell 'Summon Butterflies'
  2791 | D:3      | Noticed Purgy
  2791 | D:3      | Purgy the entropy weaver changed into Purgy the alligator
  2796 | D:3      | Noticed Purgy
  2796 | D:3      | Purgy the alligator changed into Purgy the great orb of
                  | eyes
  2797 | D:3      | Noticed Purgy
  2797 | D:3      | Purgy the great orb of eyes changed into Purgy the ettin
  2799 | D:3      | XOM: stat loss: -1 Str (14/16)
  2799 | D:3      | Demolished by Purgy the ettin (glowing shapeshifter)

Levels and vault maps discovered:
D:1:      lightli_arrival_boilingwater, layout_basic
D:2:      layout_loops_ring, marbit_many_paths, first_ration
D:3:      layout_basic, gammafunk_ghost_smash, kennysheep_generic_room_15,
          uniq_purgy

Skill      XL: |  1  2  3 |
---------------+----------+-----
Axes           | 3 4 |  4.9
Fighting       | |  3.0
Armour         | |  1.3
Dodging        | |  0.6

Action                   |  1- 3 |  4- 6 || total
-------------------------+-------+-------++-------
Melee: Hand axe          |    90 |    36 ||   126
       Kick              |    15 |     5 ||    20
Throw: Boomerang         |       |     3 ||     3
  Use: Scroll            |       |     1 ||     1
  Eat: Chunk             |     1 |     3 ||     4
Armor: Leather armour    |    27 |     5 ||    32
Dodge: Dodged            |    46 |    19 ||    65
Block: Other             |     2 |     5 ||     7
